 Dungeon Crawl Stone Soup version 0.31-a0-164-g2312942fda (webtiles) character file.

Game seed: 11451765082111422059

483 qw the Shooter (level 7, -1/66 HPs)
             Began as a Naga Hunter on June 13, 2023.
             Slain by Eustachio
             ... wielding a +0 rapier
              (2 damage)
             ... on level 4 of the Dungeon.
             The game lasted 00:01:14 (2910 turns).

qw the Shooter (Naga Hunter)                        Turns: 2910, Time: 00:01:15

Health: -1/66      AC:  3    Str: 14    XL:     7   Next: 12%
Magic:  7/7        EV: 14    Int:  9    God:
Gold:   11         SH:  0    Dex: 16    Spells: 6/6 levels left

rFire   . . .        Y - +2 shortbow (flame)
rCold   . . .        (shield currently unavailable)
rNeg    . . .        c - +0 leather armour
rPois   +            (no helmet)
rElec   .            (no cloak)
rCorr   .            (no gloves)
SInv    +            (no barding)
Will    .....        (no amulet)
Stlth   ++           d - +5 ring of evasion
HPRegen 0.31/turn    (no ring)
MPRegen 0.10/turn

%: no passive effects
@: about to teleport, short of breath, very slow
A: AC +2, large, see invisible, deformed body, poison resistance, slowness 2,
spit poison 1, naga tail 1
a: Spit Poison


You were on level 4 of the Dungeon.
You visited 1 branch of the dungeon, and saw 4 of its levels.

You collected 236 gold pieces.
You spent 225 gold pieces at shops.


Innate Abilities, Weirdness & Mutations

Your serpentine skin is tough. (AC +2)
You have supernaturally acute eyesight. (SInv)
Armour fits poorly on your strangely shaped body.
Your system is resistant to poisons. (rPois)
You cover ground very slowly.
You can spit poison.
You have a snake-like lower body.


   Skills:
 - Level 4.5 Fighting
 + Level 6.5 Ranged Weapons
 - Level 1.5 Dodging
 - Level 1.5 Stealth


You had 6 spell levels left.
You didn't know any spells.
Your spell library was empty.

Inventory:

Hand Weapons
 Y - a +2 shortbow of flaming (weapon)
Armour
 c - a +0 leather armour (worn)
Jewellery
 d - a +5 ring of evasion (left hand)
Scrolls
 a - 2 scrolls of identify
 b - a scroll of enchant armour {unknown}
 f - a scroll of immolation {unknown}
 j - a scroll of vulnerability {unknown}
 m - a scroll of teleportation
Potions
 e - 3 potions of mutation
 g - a potion of resistance
 h - a potion of lignification {unknown}
 i - a potion of might
 k - a potion of curing
 l - a potion of heal wounds {unknown}
 n - a potion of brilliance {unknown}

Dungeon Overview and Level Annotations

Branches:
Dungeon (4/15)
 Temple: D:4-7

Altars:
Hepliaklqana
Wu Jian

Shops:
D:4 *=?**

Annotations:
D:4 1 transporter, Eustachio


Message History

Pain shoots through your body! The crimson imp barely misses you.
The iron imp grinds its teeth.
The iron imp hits you!
You shoot an arrow. The arrow hits the iron imp.
The iron imp is moderately wounded.
The shadow imp hits you.
The crimson imp sputters.
The crimson imp closely misses you. The iron imp closely misses you.
You shoot an arrow. The arrow barely misses the iron imp.
The shadow imp completely misses you. The crimson imp barely misses you.
Eustachio gestures wildly while chanting.
Eustachio blinks!
The iron imp hits you. The shadow imp barely misses you.
The crimson imp blinks!
You shoot an arrow. The arrow hits the iron imp.
The iron imp is heavily wounded.
The iron imp closely misses you.
The crimson imp blinks!
The shadow imp gestures at you. Pain shoots through your body!
You shoot an arrow. The arrow closely misses the iron imp.
The shadow imp hits you. The iron imp barely misses you.
You shoot an arrow.
The arrow hits the iron imp but does no damage.
The iron imp is heavily wounded.
The shadow imp closely misses you. The iron imp misses you.
You shoot an arrow. The arrow hits the iron imp.
The iron imp is severely wounded.
The shadow imp hits you. The iron imp hits you!
2909 ||| READING 2 scrolls of teleportation.
As you read the scroll of teleportation, it crumbles to dust.
You feel strangely unstable.
The shadow imp hits you but does no damage.
Eustachio hits you with a +0 rapier.
2910 ||| INVOKING Spit Poison.
Aiming: Spit Poison (1% risk of failure)
Press: ? - help, Shift-Dir - straight line, f - Eustachio, p - iron imp The splash of poison hits Eustachio!
Eustachio is poisoned.
Eustachio is severely wounded.
The iron imp misses you. The shadow imp hits you. The crimson imp hits you.
Eustachio hits you with a +0 rapier.
You die...

### .......## .
#.......# .. #.......#
.#.## #.......###
......#.........#
##.<..#.........########
.....%5.5[...........)..
#@@........#######
#.5.........###...
#.........#.....#.
#..7......####...\
#7.\.7....# ##.#.
#..7......# #..}
#####.##### #.#. #.#
#..\ #.# #.#.


You could see Eustachio (poisoned), an iron imp (summoned), a crimson imp
(summoned) and a shadow imp (summoned).

Vanquished Creatures
  Sigmund (D:4)
  An ogre (D:4)
  2 jellies (D:4)
  A sleepcap (D:4)
  6 adders
  2 worms
  3 dart slugs (D:1)
  5 orcs
  6 bats
  4 endoplasms
  12 giant cockroaches
  5 goblins
  4 hobgoblins
  5 jackals
  8 kobolds
  2 quokkas
  3 ball pythons
  6 frilled lizards
  2 rats (D:1)
78 creatures vanquished.

Notes
Turn   | Place    | Note
-------+----------+-------------------------------------------
     0 | D:1      | qw the Naga Hunter began the quest for the Orb.
     0 | D:1      | Reached XP level 1. HP: 19/19 MP: 1/1
     0 | D:1      | 0 ||| qw: Version: 0.2-a-29-gc1b59c4
     0 | D:1      | 0 ||| qw: Game counter: 4628
     0 | D:1      | 0 ||| qw: Always use a shield: true
     0 | D:1      | 0 ||| qw: God list: Okawaru
     0 | D:1      | 0 ||| qw: Allow faded altars: false
     0 | D:1      | 0 ||| qw: Do Orc after D:15 true
     0 | D:1      | 0 ||| qw: Do second Lair branch before Depths: true
     0 | D:1      | 0 ||| qw: Lair rune preference: random
     0 | D:1      | 0 ||| qw: Plans: Normal
     0 | D:1      | 0 ||| PLANNING D:1-11
    10 | D:1      | 10 ||| INVOKING Spit Poison.
    11 | D:1      | 11 ||| INVOKING Spit Poison.
    16 | D:1      | 16 ||| INVOKING Spit Poison.
    21 | D:1      | 21 ||| INVOKING Spit Poison.
   155 | D:1      | 155 ||| INVOKING Spit Poison.
   236 | D:1      | Found a faded altar of an unknown god.
   241 | D:1      | 241 ||| INVOKING Spit Poison.
   242 | D:1      | 242 ||| INVOKING Spit Poison.
   252 | D:1      | 252 ||| INVOKING Spit Poison.
   256 | D:1      | Reached skill level 4 in Ranged Weapons
   256 | D:1      | Reached XP level 2. HP: 25/26 MP: 2/2
   257 | D:1      | 257 ||| INVOKING Spit Poison.
   317 | D:1      | 317 ||| INVOKING Spit Poison.
   511 | D:1      | 511 ||| INVOKING Spit Poison.
   529 | D:1      | 529 ||| FLEEEEING.
   541 | D:1      | 541 ||| INVOKING Spit Poison.
   569 | D:1      | 569 ||| INVOKING Spit Poison.
   574 | D:1      | 574 ||| INVOKING Spit Poison.
   704 | D:1      | 704 ||| INVOKING Spit Poison.
   795 | D:1      | You fall into a shaft and drop 1 floor!
   827 | D:2      | 827 ||| INVOKING Spit Poison.
   828 | D:2      | 828 ||| INVOKING Spit Poison.
   834 | D:2      | 834 ||| INVOKING Spit Poison.
   835 | D:2      | Reached XP level 3. HP: 26/32 MP: 3/3
   918 | D:2      | 918 ||| INVOKING Spit Poison.
   922 | D:2      | 922 ||| INVOKING Spit Poison.
  1045 | D:2      | 1045 ||| INVOKING Spit Poison.
  1073 | D:2      | 1073 ||| INVOKING Spit Poison.
  1083 | D:2      | 1083 ||| INVOKING Spit Poison.
  1086 | D:2      | 1086 ||| INVOKING Spit Poison.
  1089 | D:2      | 1089 ||| INVOKING Spit Poison.
  1093 | D:2      | 1093 ||| INVOKING Spit Poison.
  1158 | D:2      | 1158 ||| UPGRADING to +5 ring of evasion.
  1159 | D:2      | 1159 ||| READING 3 scrolls labelled NUMNUB APHELE.
  1160 | D:2      | 1160 ||| READING scroll labelled DOTOUXK XECLI.
  1161 | D:2      | 1161 ||| READING scroll labelled ITOF YKYRHE.
  1162 | D:2      | 1162 ||| DRINKING 2 orange potions.
  1163 | D:2      | 1163 ||| READING 2 scrolls of identify.
  1163 | D:2      | 1163 ||| IDENTIFYING murky silvery potion
  1164 | D:2      | 1164 ||| DROPPING scroll of butterflies.
  1169 | D:2      | 1169 ||| INVOKING Spit Poison.
  1172 | D:2      | Reached skill level 5 in Ranged Weapons
  1172 | D:2      | Reached XP level 4. HP: 39/39 MP: 4/4
  1173 | D:2      | 1173 ||| FLEEEEING.
  1175 | D:2      | 1175 ||| STAIRDANCE
  1307 | D:2      | 1307 ||| INVOKING Spit Poison.
  1354 | D:2      | 1354 ||| INVOKING Spit Poison.
  1410 | D:2      | 1410 ||| READING scroll labelled GOALUXAOMI.
  1443 | D:3      | 1443 ||| INVOKING Spit Poison.
  1448 | D:3      | 1448 ||| INVOKING Spit Poison.
  1449 | D:3      | 1449 ||| INVOKING Spit Poison.
  1496 | D:3      | 1496 ||| INVOKING Spit Poison.
  1502 | D:3      | 1502 ||| INVOKING Spit Poison.
  1522 | D:3      | 1522 ||| INVOKING Spit Poison.
  1526 | D:3      | 1526 ||| INVOKING Spit Poison.
  1530 | D:3      | 1530 ||| INVOKING Spit Poison.
  1546 | D:3      | 1546 ||| INVOKING Spit Poison.
  1636 | D:3      | 1636 ||| INVOKING Spit Poison.
  1665 | D:3      | 1665 ||| INVOKING Spit Poison.
  1673 | D:3      | 1673 ||| INVOKING Spit Poison.
  1677 | D:3      | 1677 ||| INVOKING Spit Poison.
  1680 | D:3      | 1680 ||| INVOKING Spit Poison.
  1684 | D:3      | 1684 ||| INVOKING Spit Poison.
  1686 | D:3      | Reached skill level 3 in Fighting
  1711 | D:3      | 1711 ||| INVOKING Spit Poison.
  1740 | D:3      | 1740 ||| INVOKING Spit Poison.
  1779 | D:3      | Found an ornate altar of the Wu Jian Council.
  1848 | D:3      | 1848 ||| INVOKING Spit Poison.
  1873 | D:3      | 1873 ||| INVOKING Spit Poison.
  2051 | D:3      | 2051 ||| INVOKING Spit Poison.
  2056 | D:3      | 2056 ||| INVOKING Spit Poison.
  2059 | D:3      | 2059 ||| INVOKING Spit Poison.
  2060 | D:3      | Reached XP level 5. HP: 49/49 MP: 5/5
  2066 | D:3      | 2066 ||| INVOKING Spit Poison.
  2420 | D:3      | 2420 ||| READING scroll labelled POICEG MASOZUAF.
  2423 | D:3      | 2423 ||| READING scroll labelled DEFOXU FOUFOU.
  2424 | D:3      | 2424 ||| DRINKING 2 clear potions.
  2425 | D:3      | 2425 ||| READING 2 scrolls of identify.
  2425 | D:3      | 2425 ||| IDENTIFYING smoky red potion
  2525 | D:4      | 2525 ||| INVOKING Spit Poison.
  2544 | D:4      | Found a hazy altar of Hepliaklqana.
  2647 | D:4      | Noticed an ogre
  2649 | D:4      | 2649 ||| INVOKING Spit Poison.
  2653 | D:4      | 2653 ||| INVOKING Spit Poison.
  2654 | D:4      | 2654 ||| INVOKING Spit Poison.
  2655 | D:4      | Killed an ogre
  2656 | D:4      | Reached skill level 6 in Ranged Weapons
  2656 | D:4      | Reached XP level 6. HP: 27/56 MP: 6/6
  2774 | D:4      | Found a transporter.
  2777 | D:4      | Found Inaa's Magic Scroll Emporium.
  2780 | D:4      | Found Xumasuxo's Assorted Antiques.
  2781 | D:4      | Found Yfyzxalu's Jewellery Emporium.
  2781 | D:4      | Found Ohiusoimp's Assorted Antiques.
  2785 | D:4      | 2785 ||| BUYING scroll of enchant weapon (97 gold).
  2785 | D:4      | Bought a scroll of enchant weapon for 97 gold pieces
  2785 | D:4      | 2785 ||| BUYING scroll of identify (26 gold).
  2785 | D:4      | Bought a scroll of identify for 26 gold pieces
  2785 | D:4      | 2785 ||| BUYING scroll of teleportation (39 gold).
  2785 | D:4      | Bought a scroll of teleportation for 39 gold pieces
  2785 | D:4      | 2785 ||| BUYING scroll of teleportation (39 gold).
  2785 | D:4      | Bought a scroll of teleportation for 39 gold pieces
  2785 | D:4      | 2785 ||| READING scroll of enchant weapon.
  2785 | D:4      | 2785 ||| ENCHANTING +1 shortbow of flaming.
  2790 | D:4      | 2790 ||| SHOPLISTING +4 ring of protection (432 gold, have
                  | 35).
  2790 | D:4      | 2790 ||| SHOPLISTING +5 ring of evasion (432 gold, have
                  | 35).
  2790 | D:4      | 2790 ||| SHOPLISTING +6 ring of strength (432 gold, have
                  | 35).
  2790 | D:4      | 2790 ||| SHOPLISTING amulet of faith (480 gold, have 35).
  2790 | D:4      | 2790 ||| SHOPLISTING ring of ice (300 gold, have 35).
  2790 | D:4      | 2790 ||| SHOPLISTING ring of positive energy (240 gold,
                  | have 35).
  2794 | D:4      | 2794 ||| SHOPLISTING bone wand (96 gold, have 35).
  2794 | D:4      | 2794 ||| BUYING scroll labelled NYTHRO WAXUIPT (24 gold).
  2794 | D:4      | Bought a scroll labelled NYTHRO WAXUIPT for 24 gold pieces
  2794 | D:4      | 2794 ||| SHOPLISTING scroll of identify (48 gold, have 11).
  2794 | D:4      | 2794 ||| SHOPLISTING scroll of teleportation (72 gold, have
                  | 11).
  2794 | D:4      | 2794 ||| SHOPLISTING steaming platinum ring (120 gold, have
                  | 11).
  2798 | D:4      | 2798 ||| SHOPLISTING brown potion (18 gold, have 11).
  2798 | D:4      | 2798 ||| SHOPLISTING runed jade ring (100 gold, have 11).
  2798 | D:4      | 2798 ||| SHOPLISTING scroll of brand weapon (190 gold, have
                  | 11).
  2832 | D:4      | Noticed Sigmund
  2834 | D:4      | 2834 ||| INVOKING Spit Poison.
  2839 | D:4      | Killed Sigmund
  2840 | D:4      | Reached XP level 7. HP: 59/66 MP: 7/7
  2871 | D:4      | Found Acoskon's Assorted Antiques.
  2880 | D:4      | 2880 ||| SHOPLISTING 3 scrolls labelled NYTHRO WAXUIPT (63
                  | gold, have 11).
  2880 | D:4      | 2880 ||| SHOPLISTING potion of curing (63 gold, have 11).
  2880 | D:4      | 2880 ||| SHOPLISTING scroll labelled EXUTOFF NEQUIC (21
                  | gold, have 11).
  2880 | D:4      | 2880 ||| SHOPLISTING scroll of identify (42 gold, have 11).
  2880 | D:4      | 2880 ||| SHOPLISTING silver wand (84 gold, have 11).
  2885 | D:4      | Noticed Eustachio
  2886 | D:4      | 2886 ||| INVOKING Spit Poison.
  2893 | D:4      | 2893 ||| INVOKING Spit Poison.
  2898 | D:4      | 2898 ||| INVOKING Spit Poison.
  2908 | D:4      | HP: 14/66 [iron imp[Eustachio] (9)]
  2909 | D:4      | 2909 ||| READING 2 scrolls of teleportation.
  2910 | D:4      | 2910 ||| INVOKING Spit Poison.
  2910 | D:4      | HP: 5/66 [shadow imp[Eustachio] (4)]
  2910 | D:4      | HP: 1/66 [crimson imp[Eustachio] (4)]
  2910 | D:4      | Slain by Eustachio

Levels and vault maps discovered:
D:1:      minmay_arrival_checkered_box, layout_basic, basic_ecumenical_altar
D:2:      layout_rooms
D:3:      minmay_roachtagon, layout_basic, amcnicky_altar_gilded,
          serial_corexii_hall, corexii_hall_statues_s, corexii_hall_statues_i,
          corexii_hall_statues_x, minivault_25
D:4:      layout_basic, nicolae_hepliaklqana_hazy_memory, serial_shops,
          nicolae_shop_trees, gammafunk_ghost_abyssal_escape,
          minmay_shop_grid_forest, uniq_eustachio, uniq_sigmund

Skill      XL: |  1  2  3  4  5  6 |
---------------+-------------------+-----
Ranged Weapons | 4 5 6 |  6.5
Fighting       | 3 4 |  4.5
Dodging        | |  1.5
Stealth        | |  1.5

Action                     |  1- 3 |  4- 6 |  7- 9 || total
---------------------------+-------+-------+-------++-------
   Fire: Shortbow          |    64 |    99 |    24 ||   187
Ability: Spit Poison       |    24 |    28 |     4 ||    56
    Use: Scroll            |     4 |     5 |     1 ||    10
         Potion            |     1 |     1 |       ||     2
 Armour: Leather armour    |     2 |    17 |     2 ||    21
  Dodge: Dodged            |    16 |    45 |    21 ||    82

Table legend:
 A = Non-vault XP
 B = Vault XP
 C = Vault XP percentage of total XP
 D = Non-vault monster count
 E = Vault monster count
 F = Vault count percentage of total count
                 A         B        C        D         E       F
            +---------+---------+-------+---------+---------+-------
      Total |     441 |     249 |  36.1 |      68 |      10 |  12.8
            +---------+---------+-------+---------+---------+-------
        D:1 |      33 |       0 |   0.0 |      16 |       0 |   0.0
        D:2 |      71 |       0 |   0.0 |      17 |       0 |   0.0
        D:3 |      53 |      18 |  25.4 |      22 |       9 |  29.0
        D:4 |     284 |     231 |  44.9 |      13 |       1 |   7.1
            +---------+---------+-------+---------+---------+-------
